 Dungeon Crawl Stone Soup version 0.28.0 (webtiles) character file.

Game seed: 8929509831295783522

7926 mopl the Thaumaturge (level 11, -26/68 HPs)
             Began as a Mummy Fire Elementalist on Feb 14, 2022.
             Was a Follower of Vehumet.
             Annihilated by a large slime creature (33 damage)
             ... on level 9 of the Dungeon.
             The game lasted 00:19:43 (8352 turns).

mopl the Thaumaturge (Mummy Fire Elementalist)      Turns: 8352, Time: 00:19:44

Health: -26/68     AC:  5    Str: 11    XL:     11   Next: 3%
Magic:  4/26       EV: 11    Int: 25    God:    Vehumet [*.....]
Gold:   313        SH:  7    Dex: 13    Spells: 15/32 levels left

rFire   + . .      SeeInvis .   l - +2 hand axe (drain)
rCold   . . .      Faith    .   H - +2 buckler
rNeg    + + +      Spirit   .   A - +1 robe {rF+}
rPois   ∞          Reflect  .   (no helmet)
rElec   .          Harm     .   D - +0 cloak
rCorr   .          Rampage  .   u - +0 pair of gloves
Will    +....                   (no boots)
Stlth   ++........              b - amulet of regeneration
HPRegen 1.01/turn               c - ring of fire
MPRegen 0.20/turn               g - +6 ring of intelligence

@: no status effects
A: cold resistance 1, negative energy resistance 3, torment resistance 2, heat
vulnerability 1, no potions
a: Renounce Religion


You were on level 9 of the Dungeon.
You worshipped Vehumet.
Vehumet was aware of your devotion.
You visited 2 branches of the dungeon, and saw 12 of its levels.

You collected 488 gold pieces.
You spent 175 gold pieces at shops.

Inventory:

Hand Weapons
 l - a +2 hand axe of draining (weapon)
 o - a +0 short sword of electrocution
 x - a +0 rapier of electrocution
 z - a +1 whip of freezing
Missiles
 j - 5 boomerangs
 k - 2 javelins
 r - 23 poisoned darts
 F - 3 throwing nets
Armour
 u - a +0 pair of gloves (worn)
 A - a +1 robe of fire resistance (worn)
 D - a +0 cloak (worn)
 H - a +2 buckler (worn)
Magical Staves
 E - a staff of death
Jewellery
 b - an amulet of regeneration (around neck)
 c - a ring of fire (left hand)
 g - a +6 ring of intelligence (right hand)
 h - a +6 ring of strength
 w - a ring of willpower
Wands
 v - a wand of flame (17)
 y - a wand of iceblast (8)
 G - a wand of acid (12)
Scrolls
 a - 2 scrolls of magic mapping
 d - a scroll of torment {!r}
 e - 3 scrolls of immolation
 f - a scroll of enchant armour
 i - a scroll of blinking
 m - 3 scrolls of teleportation
 n - 2 scrolls of amnesia {unknown}
 p - a scroll of brand weapon {unknown}
 q - 2 scrolls of fog
 s - 3 scrolls of vulnerability {unknown}
 t - 4 scrolls of enchant weapon
 B - a scroll of noise {unknown}


   Skills:
 - Level 1.5 Dodging
 - Level 1.5 Stealth
 + Level 4.8 Shields
 + Level 11.1 Spellcasting
 + Level 7.5 Conjurations
 - Level 3.0 Hexes
 + Level 8.0 Fire Magic


You had 15 spell levels left.
You knew the following spells:

 Your Spells              Type           Power      Damage    Failure   Level
a - Foxfire               Conj/Fire      100%       2x1d9     1%          1
b - Scorch                Fire           100%       2d10      1%          2
c - Flame Wave            Conj/Fire      68%        2d13      2%          4
d - Sticky Flame          Conj/Fire      68%        2d8       2%          4
e - Conjure Flame         Conj/Fire      68%        6-21      1%          3
h - Inner Flame           Hex/Fire       58%        N/A       1%          3

Your spell library contained the following spells:

 Spells                   Type           Power      Damage    Failure   Level
 Sandblast                Erth           26%        2d8       5%          1
 Magic Dart               Conj           100%       1d8       1%          1
 Slow                     Hex            100%       N/A       1%          1
 Searing Ray              Conj           100%       2d8       1%          2
 Ensorcelled Hibernation  Hex/Ice        42%        N/A       4%          2
 Fulminant Prism          Conj/Hex       20%        3d13      6%          4
 Portal Projectile        Hex/Tloc       42%        N/A       9%          3
 Anguish                  Hex/Necr       10%        N/A       30%         4
 Fire Storm               Conj/Fire      34%        8d9       100%        9
 Spider Form              Tmut/Pois      Unusable   N/A       N/A         3

Dungeon Overview and Level Annotations

Branches:
Dungeon (11/15)            Temple (1/1) D:6
   Lair: D:8-11         Orc: D:9-12

Altars:
Ashenzari
Cheibriados
Dithmenos
Elyvilon
Fedhas
Gozag
Hepliaklqana
Kikubaaqudgha
Makhleb
Nemelex Xobeh
Okawaru
Qazlal
Ru
Sif Muna
Trog
Vehumet
Wu Jian
Xom
Yredelemnul
Zin
The Shining One

Shops:
D:1 ?:(   D:2 !

Annotations:
D:11 Erolcha


Innate Abilities, Weirdness & Mutations

You are immune to poison.
Your flesh is cold resistant. (rC+)
You are immune to negative energy. (rN+++)
You are immune to unholy pain and torment.
You are vulnerable to heat. (rF-)
You do not drink.


Message History

(Press . to intensify the flame waves.)
The very large slime creature burns!
The very large slime creature stops burning.
Unknown command.
A wave of flame ripples out!
The flame wave engulfs the very large slime creature!
The very large slime creature is burned terribly!
The very large slime creature is almost dead.
The flame wave engulfs the large slime creature!
The large slime creature is lightly wounded.
A very large slime creature splits.
A wave of flame ripples out!
The flame wave engulfs the large slime creature!
The large slime creature is burned terribly!
You kill the large slime creature!
Vehumet accepts your kill.
The flame wave engulfs the slime creature!!
The slime creature is burned terribly!
You kill the slime creature!
Vehumet accepts your kill.
The flame wave engulfs the large slime creature!
The large slime creature is moderately wounded.
You finish channelling waves of flame.
A large slime creature splits.
Your Spellcasting skill increases to level 11!
Your Fire Magic skill increases to level 8!
You have reached level 11!
Two slime creatures merge to form a large slime creature.
Casting: Flame Wave (dangerous; 2% risk of failure)
Confirm with . or Enter, or press ? or * to list all spells.
You feel a surge of power!
The fire begins to smoulder!
The fire ignites!
You barely miss the large slime creature.
The large slime creature is moderately wounded.
The large slime creature is engulfed in blazing flames.
The large slime creature hits you!!!
Ouch! That really hurt!
* * * LOW HITPOINT WARNING * * *
The large slime creature is engulfed in blazing flames.
The large slime creature hits you!!
You die...

#....... #....... #......# #
#......# ############ #......#
##....÷.....# #......####
##....###..... #......##.#####
####..#### ###...
#.............###J..### ##.#
#......###.###..@#### ###
#......# ####.#### #......#
### #.)))).#
#.))...###################
#....)....#........+.....#
#.........+........#.....# #
#.........#.......##.....# ..
#.........#.......##.....##...


You could see a large slime creature.

Vanquished Creatures
  Harold (D:7)
  2 two-headed ogres
  Pikel (D:5)
  A komodo dragon (D:9)
  3 slime creatures (D:9)
  2 wraiths
  A wyvern (D:9)
  8 yaks
  Eustachio (D:5)
  2 basilisks (D:9)
  4 vampire mosquitoes (D:11)
  An acid dragon (D:9)
  2 orc warriors
  2 sky beasts
  2 black bears
  A necrophage (D:5)
  An ogre (D:4)
  A centaur (D:6)
  A lemure (D:5)
  A phantom (D:6)
  2 kobold brigands
  2 bullfrogs (D:7)
  3 scorpions
  A water moccasin zombie (D:6)
  A jelly (D:5)
  An orc priest (D:4)
  2 bullfrog skeletons
  6 hounds
  2 centaur skeletons
  2 iguanas (D:5)
  3 orc wizards
  A hound zombie (D:5)
  A hound skeleton (D:4)
  A gnoll (D:4)
  5 adders
  2 shadow imps (D:5)
  An ufetubus (D:4)
  A worm (D:2)
  5 dart slugs
  15 orcs
  3 bats
  9 endoplasms
  4 giant cockroaches
  14 goblins
  12 hobgoblins
  9 quokkas
  9 ball pythons
  19 kobolds
  9 rats
183 creatures vanquished.

Vanquished Creatures (others)
  173 foxfires
  4 plants (D:3)
177 creatures vanquished.

Grand Total: 360 creatures vanquished

Notes
Turn   | Place    | Note
-------+----------+-------------------------------------------
     0 | D:1      | mopl the Mummy Fire Elementalist began the quest for the
                  | Orb.
     0 | D:1      | Reached XP level 1. HP: 13/13 MP: 4/4
     9 | D:1      | Noticed a bullfrog
    95 | D:1      | Reached skill level 1 in Conjurations
    97 | D:1      | Reached skill level 3 in Spellcasting
   153 | D:1      | Reached XP level 2. HP: 16/19 MP: 3/6
   213 | D:1      | Learned a level 2 spell: Scorch
   502 | D:1      | Found Ukhyfoet's Antique Weapon Emporium.
   569 | D:1      | Found Ela Qid's Book Emporium.
   675 | D:1      | Found Xotin's Magic Scroll Shoppe.
  1294 | D:2      | Reached XP level 3. HP: 24/24 MP: 4/7
  1326 | D:2      | Learned a level 3 spell: Inner Flame
  1665 | D:2      | Found Maschuesi's Distillery.
  2011 | D:3      | Reached skill level 3 in Fire Magic
  2168 | D:3      | Reached XP level 4. HP: 30/30 MP: 6/9
  2771 | D:4      | Reached skill level 1 in Hexes
  2774 | D:4      | Reached skill level 2 in Conjurations
  2920 | D:4      | Reached skill level 4 in Spellcasting
  2920 | D:4      | Reached XP level 5. HP: 34/35 MP: 9/11
  3010 | D:4      | Noticed an ogre
  3013 | D:4      | Killed an ogre
  3014 | D:4      | Reached skill level 2 in Hexes
  3014 | D:4      | Reached XP level 6. HP: 41/41 MP: 4/12
  3251 | D:1      | Bought a scroll of fog for 28 gold pieces
  3251 | D:1      | Bought a scroll of identify for 28 gold pieces
  3251 | D:1      | Bought a scroll of teleportation for 42 gold pieces
  3251 | D:1      | Bought a scroll of immolation for 49 gold pieces
  3251 | D:1      | Bought a scroll of fog for 28 gold pieces
  3777 | D:4      | Reached skill level 5 in Spellcasting
  3986 | D:5      | Entered Level 5 of the Dungeon
  4002 | D:5      | Reached skill level 3 in Conjurations
  4048 | D:5      | Noticed a yak
  4050 | D:5      | Noticed a yak
  4050 | D:5      | Noticed a yak
  4077 | D:4      | Killed a yak
  4078 | D:4      | Reached skill level 3 in Hexes
  4078 | D:4      | Reached skill level 4 in Fire Magic
  4078 | D:4      | Reached XP level 7. HP: 17/46 MP: 4/15
  4226 | D:5      | Noticed Eustachio
  4236 | D:5      | Killed Eustachio
  4425 | D:5      | Noticed Pikel
  4434 | D:5      | Killed Pikel
  4435 | D:5      | Reached skill level 7 in Spellcasting
  4435 | D:5      | Reached skill level 4 in Conjurations
  4435 | D:5      | Reached skill level 5 in Fire Magic
  4435 | D:5      | Reached XP level 8. HP: 51/52 MP: 0/18
  4955 | D:5      | Reached skill level 5 in Conjurations
  4961 | D:5      | Reached skill level 8 in Spellcasting
  4968 | D:5      | Reached skill level 6 in Fire Magic
  4968 | D:5      | Reached XP level 9. HP: 56/57 MP: 8/21
  5319 | D:6      | Learned a level 4 spell: Flame Wave
  5323 | D:6      | Learned a level 3 spell: Conjure Flame
  5417 | D:6      | Found a staircase to the Ecumenical Temple.
  5425 | D:6      | Reached skill level 1 in Shields
  5448 | Temple   | Entered the Ecumenical Temple
  5784 | Temple   | Became a worshipper of Vehumet
  5950 | D:6      | Identified a scroll of acquirement
  5957 | D:6      | Acquired the Incunabulum of Ensnaring Fire
  5964 | D:6      | Learned a level 4 spell: Sticky Flame
  6574 | D:7      | Reached skill level 9 in Spellcasting
  6574 | D:7      | Reached skill level 6 in Conjurations
  6592 | D:7      | Reached skill level 2 in Shields
  6694 | D:7      | Noticed Harold
  6732 | D:7      | Killed Harold
  6733 | D:7      | Reached skill level 7 in Fire Magic
  6993 | D:7      | Found a broken altar of Ashenzari.
  7165 | D:8      | You fall into a shaft and drop 3 floors!
  7216 | D:10     | Entered Level 10 of the Dungeon
  7216 | D:10     | Noticed Erolcha
  7272 | D:11     | Noticed a boulder beetle
  7302 | D:11     | Reached skill level 3 in Shields
  7302 | D:11     | Reached XP level 10. HP: 50/63 MP: 16/23
  7348 | D:11     | Noticed a two-headed ogre
  7376 | D:11     | Killed a two-headed ogre
  7377 | D:11     | Reached skill level 10 in Spellcasting
  7614 | D:11     | Noticed a two-headed ogre
  7665 | D:11     | Reached skill level 7 in Conjurations
  7782 | D:10     | Reached skill level 4 in Shields
  7894 | D:9      | Noticed a two-headed ogre
  7905 | D:9      | Killed a two-headed ogre
  8024 | D:9      | Reached * piety under Vehumet
  8024 | D:9      | Offered knowledge of Sandblast by Vehumet.
  8345 | D:9      | Reached skill level 11 in Spellcasting
  8345 | D:9      | Reached skill level 8 in Fire Magic
  8345 | D:9      | Reached XP level 11. HP: 35/68 MP: 5/26
  8352 | D:9      | Annihilated by a large slime creature

Illustrated notes

Levels and vault maps discovered:
D:1:      evilmike_arrival_come_back, layout_basic, serial_shops, shop, shop,
          shop, minmay_hexomino_u4
D:2:      layout_rooms, serial_shops, nicolae_shop_advertising_works
          [nicolae_subvault_shop_adworks]
D:3:      corexii_shack_village, layout_loops_ring
D:4:      minmay_thinvault, layout_basic
D:5:      layout_cave_pods, serial_rivers, chequers_serial_rivers_micro_b,
          chequers_serial_rivers_micro_c, chequers_serial_rivers_small_a,
          chequers_serial_rivers_micro_a, chequers_serial_rivers_small_3,
          uniq_pikel, uniq_eustachio
D:6:      layout_basic, minmay_temple_entry_wispy, chequers_decorated_corner
D:7:      layout_cave_pools, amethyst_overflow_temple_binary,
          serial_bayou_ford_a, uniq_harold
D:8:      layout_basic, gammafunk_ghost_spectres, due_unseen_surprise
D:9:      layout_gridville, erik_lair_dragon, serial_shops, shop, minmay_puff
D:10:     layout_roguey, uniq_erolcha
D:11:     layout_loops_corners
Temple:   mainiacjoe_temple_big_plus

Skill      XL: |  1  2  3  4  5  6  7  8  9 10 |
---------------+-------------------------------+-----
Conjurations   | 1 2 3 4 5 6 7 |  7.5
Spellcasting   | 3 4 5 7 8 9 11 | 11.1
Fire Magic     | 3 4 5 6 7 8 |  8.0
Hexes          | 1 2 3 |  3.0
Shields        | 3 4 |  4.8
Dodging        | |  1.5
Stealth        | |  1.5

Action                   |  1- 3 |  4- 6 |  7- 9 | 10-12 || total
-------------------------+-------+-------+-------+-------++-------
Melee: Unarmed           |    37 |       |       |       ||    37
       Hand axe          |       |    91 |   118 |    29 ||   238
       Punch             |       |     3 |     1 |       ||     4
 Cast: Foxfire           |    74 |     1 |    25 |     1 ||   101
       Scorch            |     7 |    18 |    13 |    31 ||    69
       Inner Flame       |       |     4 |     7 |     3 ||    14
       Flame Wave        |       |       |     6 |     1 ||     7
       Sticky Flame      |       |       |     2 |     9 ||    11
       Conjure Flame     |       |       |     1 |    16 ||    17
Evoke: Wand              |       |       |     1 |     3 ||     4
  Use: Scroll            |       |     3 |     6 |       ||     9
 Stab: Sleeping          |     1 |     4 |       |       ||     5
Armor: Robe              |     8 |    25 |    52 |     8 ||    93
Dodge: Dodged            |    45 |    85 |   112 |    27 ||   269
Block: Buckler           |       |       |    19 |    11 ||    30
